Map: Efflorescence LE

Players

Massa - Winner!

  • Race: Terran Terran
  • League: Platinum
  • Spawn Location: 6:00

qqq - Winner!

  • Race: Zerg Zerg
  • Spawn Location: 9:00

FiAND

  • Race: Protoss Protoss
  • Spawn Location: 3:00

TakoBurito

  • Race: Terran Terran
  • Spawn Location: 12:00

VOD

Have the link to the VOD?

Description

Time

  • Played on: Feb. 7, 2021, 11:20 a.m.
  • Length: 4:56
Show
View Real Time Build Order
Export as new Build Order

Massa Terran - Winner!

Build Orders:  

Get SALT Encoding   

  12  0:00  SCV  
  13  0:12  SCV  
  14  0:18  Supply Depot  
  14  0:26  SCV  
  15  0:40  SCV  
  15  0:41  Barracks  
  16  0:47  Refinery  
  16  0:54  Supply Depot  
  16  0:58  SCV  
  17  1:10  SCV  
  18  1:17  Barracks  
  18  1:22  SCV  
  19  1:34  Marine  
  19  1:35  SCV  
  21  1:45  Barracks  
  21  1:51  Orbital Command  
  21  1:56  Marine  
  22  2:03  Barracks Tech Lab  
  22  2:13  Marine  
  23  2:17  Supply Depot  
  23  2:22  Stimpack  
  23  2:24  Marauder  
  25  2:31  Marine  
  25  2:32  Marine  
  27  2:46  Marauder  
  27  2:49  Marine  
  27  2:50  Marine, Supply Depot  
  31  3:07  Marauder, Marine x2  
  35  3:16  Supply Depot  
  35  3:25  Marine x2  
  37  3:28  Marauder  
  39  3:42  Marine  
  39  3:43  Marine  
  39  3:48  Factory  
  41  3:49  Marine  
  42  4:00  Marine  
  42  4:01  Marine  
  44  4:06  Concussive Shells, Supply Depot  
  44  4:07  Marine  
  44  4:18  Marine  
  44  4:19  Marine  
  46  4:25  Marauder  
Show
View Real Time Build Order
Export as new Build Order

qqq Zerg - Winner!

Build Orders: Hatch First 

Get SALT Encoding   

  12  0:02  Drone  
  13  0:10  Drone  
  14  0:25  Overlord  
  14  0:47  Hatchery  
  13  0:50  Drone  
  13  0:54  Drone  
  15  0:59  Drone  
  16  1:09  Drone  
  17  1:26  Extractor, Spawning Pool  
  17  1:31  Drone x2  
  17  1:40  Drone  
  17  1:45  Drone  
  19  2:05  Drone  
  20  2:16  Queen x2  
  20  2:17  Drone x2  
  20  2:21  Overlord  
  26  2:25  Drone  
  27  2:35  Overlord  
  27  2:36  Zergling x2  
  28  2:52  Metabolic Boost  
  28  2:53  Zergling x4  
  28  2:55  Drone  
  28  2:56  Drone, Zergling x2  
  33  3:02  Zergling x2  
  33  3:07  Zergling x2  
  33  3:12  Zergling x2  
  35  3:18  Lair  
  35  3:21  Queen  
  35  3:24  Zergling x2  
  35  3:26  Zergling x2  
  39  3:35  Zergling x2  
  39  3:36  Zergling x2, Overlord  
  39  3:38  Drone  
  42  3:41  Zergling x2  
  42  3:44  Zergling x2  
  44  3:49  Overlord  
  44  3:55  Zergling x2  
  45  3:56  Overlord  
  45  4:07  Zergling x4  
  45  4:09  Drone, Zergling x4  
  44  4:33  Drone x2  
  44  4:34  Drone x3  
  44  4:35  Zergling x4  
Show
View Real Time Build Order
Export as new Build Order

FiAND Protoss 

Build Orders: 1 Gate Expand, Phoenix Opening 

Get SALT Encoding   

  12  0:01  Probe  
  13  0:13  Probe  
  14  0:20  Pylon  
  14  0:25  Probe  
  15  0:38  Probe (Chrono Boost)  
  15  0:41  Gateway  
  16  0:49  Probe (Chrono Boost)  
  17  0:54  Probe (Chrono Boost)  
  17  0:56  Assimilator  
  18  1:05  Probe (Chrono Boost)  
  19  1:16  Probe (Chrono Boost)  
  20  1:21  Probe (Chrono Boost)  
  21  1:31  Probe  
  22  1:37  Nexus  
  22  1:47  Cybernetics Core  
  22  1:53  Probe  
  22  1:56  Pylon  
  22  2:01  Assimilator  
  22  2:05  Probe  
  23  2:23  Adept  
  23  2:28  Stargate  
  25  2:30  Probe  
  26  2:43  Probe  
  27  2:56  Assimilator  
  27  3:03  Probe (Chrono Boost)  
  29  3:07  Probe (Chrono Boost)  
  29  3:09  Adept  
  32  3:14  Probe (Chrono Boost), Stargate  
  32  3:18  Probe (Chrono Boost)  
  33  3:26  Phoenix  
  37  3:27  Probe (Chrono Boost)  
  37  3:28  Probe (Chrono Boost)  
  37  3:37  Probe (Chrono Boost)  
  38  3:47  Probe x2  
  40  3:50  Phoenix, Assimilator  
  40  3:53  Pylon  
  40  3:55  Pylon  
  42  3:59  Probe x2  
  44  4:11  Probe  
  49  4:45  Pylon  
  49  4:49  Pylon  
Show
View Real Time Build Order
Export as new Build Order

TakoBurito Terran 

Build Orders: 2 Factory 

Get SALT Encoding   

  12  0:00  SCV  
  13  0:13  SCV  
  14  0:23  Supply Depot  
  14  0:25  SCV  
  15  0:34  Supply Depot  
  15  0:44  SCV  
  15  0:47  Barracks  
  16  0:56  SCV  
  17  1:06  Refinery  
  17  1:08  Refinery  
  17  1:09  SCV  
  18  1:21  SCV  
  19  1:33  SCV  
  19  1:38  Marine  
  21  1:45  SCV  
  22  1:50  Supply Depot  
  22  1:54  Factory  
  22  1:57  SCV  
  22  1:58  Marine  
  24  2:16  Marine  
  24  2:18  Factory  
  24  2:19  SCV  
  26  2:41  Factory Tech Lab  
  26  2:50  Command Center  
  26  2:52  SCV  
  27  3:03  Factory Tech Lab  
  27  3:04  SCV  
  28  3:09  Siege Tank  
  31  3:22  Siege Tank  
  31  3:26  SCV  
  35  3:29  Marine  
  36  3:41  Siege Tank  
  36  3:44  Orbital Command  
  39  3:53  Engineering Bay  
  39  4:02  Siege Tank  
Tags
 
Add a new tag
Caveats
  • Supply blocks, unpowered buildings, or Contaminate may cause inaccurate times.
  • Supply counts are checked every 10 seconds.